 Dungeon Crawl Stone Soup version 0.30-a0-738-g116ff8c4af (webtiles) character file.

Game seed: 11753913184849158059

210 demibob the Chopper (level 5, 0/45 HPs)
             Began as a Hill Orc Fighter on Feb 4, 2023.
             Slain by Pikel
             ... wielding a +0 whip of flaming
              (1 damage)
             ... on level 4 of the Dungeon.
             The game lasted 00:03:15 (2766 turns).

demibob the Chopper (Hill Orc Fighter)              Turns: 2766, Time: 00:03:15

Health: 0/45       AC:  6    Str: 21    XL:     5   Next: 88%
Magic:  5/5        EV:  9    Int:  8    God:
Gold:   278        SH:  0    Dex: 10    Spells: 4/4 levels left

rFire   . . .      SeeInvis .    a - +1 broad axe (freeze)
rCold   . . .      Faith    .    (no shield)
rNeg    . . .      Spirit   .    b - +0 scale mail
rPois   +          Reflect  .    (no helmet)
rElec   .          Harm     .    (no cloak)
rCorr   .          Rampage  .    (no gloves)
Will    .....                    (no boots) Stlth
                                 (no amulet)
HPRegen 0.27/turn                P - ring of poison resistance
MPRegen 0.09/turn                (no ring)

@: mighty
A: no striking features
a: no special abilities


You were on level 4 of the Dungeon.
You visited 1 branch of the dungeon, and saw 4 of its levels.

You collected 278 gold pieces.


   Skills:
 - Level 3.6 Fighting
 + Level 7.8 Axes
 - Level 3.2 Armour
 - Level 3.2 Shields


You had 4 spell levels left.
You didn't know any spells.
Your spell library contained the following spells:

 Spells                   Type           Power      Damage    Failure   Level
 Sandblast                Erth           0%         2d4       75%         1
 Passwall                 Tmut/Erth      0%         N/A       87%         2
 Gell's Gravitas          Tloc           0%         N/A       98%         3
 Stone Arrow              Conj/Erth      0%         3d7       98%         3
 Teleport Other           Tloc           0%         N/A       98%         3
 Dispersal                Tloc           0%         N/A       100%        6

Inventory:

Hand Weapons
 a - a +1 broad axe of freezing (weapon)
 c - a +0 war axe
Armour
 b - a +0 scale mail (worn)
Jewellery
 I - a +6 ring of intelligence
 P - a ring of poison resistance (left hand)
Wands
 n - a wand of mindburst (3)
 p - a wand of digging (1)
Scrolls
 e - 2 scrolls of identify {@r1}
 i - 2 scrolls of fear {unknown}
 j - a scroll of enchant armour {unknown}
Potions
 f - a potion of lignification
 g - 2 potions of curing {unknown}
 h - a potion of brilliance {unknown}
 k - a potion of berserk rage {unknown}
 l - a potion of flight {unknown}
 m - a potion of cancellation {unknown}
 o - a potion of attraction {unknown}

Dungeon Overview and Level Annotations

Branches:
Dungeon (4/15)
 Temple: D:4-7

Altars:
Cheibriados
Gozag
Nemelex Xobeh
Zin

Annotations:
D:4 Pikel

+# #####..#
.##..##..##
.........#
........
#.5##..#
#5K##..# ##
#5@##..# ..#
#......+ ..#
+..##..# ...#
#..##.|##...#
#..##.......#
#.....<.....#
#..######...#
#..# ......
#.. ...#.


You could see Pikel and 3 lemures.


Message History

You closely miss Pikel.
Pikel hits you with a +0 whip of flaming.
Pikel burns you.
You barely miss the lemure. You miss Pikel. Pikel hits you but does no damage.
The lemure hits you.
You slash the lemure! You freeze the lemure.
The lemure is heavily wounded.
You hit the lemure. You freeze the lemure. You barely miss Pikel.
The lemure hits you.
Pikel hits you with a +0 whip of flaming.
Pikel burns you. The lemure hits you.
* * * LOW HITPOINT WARNING * * *
You closely miss Pikel. You slash the lemure! You freeze the lemure.
You closely miss the lemure. Pikel hits you but does no damage.
The lemure hits you.
* * * LOW HITPOINT WARNING * * *
The lemure hits you.
* * * LOW HITPOINT WARNING * * *
You slash Pikel! You freeze Pikel.
Pikel is moderately wounded.
You slash the lemure! You freeze the lemure.
You kill the lemure!
That felt strangely unrewarding.
You completely miss the lemure. Pikel completely misses you.
The lemure hits you.
* * * LOW HITPOINT WARNING * * *
Pikel attacks as you move away!
Pikel hits you with a +0 whip of flaming!
* * * LOW HITPOINT WARNING * * *
Pikel burns you.
You die...

Skill      XL: |  1  2  3  4  5 |
---------------+----------------+-----
Axes           | 3 4 6 7 |  7.8
Fighting       | |  3.6
Armour         | |  3.2
Shields        | |  3.2

Action                     |  1- 3 |  4- 6 || total
---------------------------+-------+-------++-------
  Melee: War axe           |    26 |       ||    26
         Broad axe         |    30 |    66 ||    96
    Use: Scroll            |     4 |       ||     4
         Potion            |       |     1 ||     1
 Armour: Scale mail        |    19 |    34 ||    53
  Dodge: Dodged            |    27 |    31 ||    58

Levels and vault maps discovered:
D:1:      minmay_arrival_radiant_lines, layout_loops_corners
D:2:      layout_basic, shapermc_ecumenical_altar_petra, basic_altar
D:3:      layout_basic, pdpol_temple_overflow_zin_treasury_gozag_greed,
          amcnicky_altar_gilded
D:4:      layout_gridville, gammafunk_temple_overflow_wave,
          minmay_temple_entry_statues_fountains,
          amcnicky_mini_rare_corridor_liquid, minmay_strange_pillars,
          supply_closet_lemuel, hellmonk_guarded_unrand_hermit, uniq_menkaure,
          uniq_pikel

Notes
Turn   | Place    | Note
-------+----------+-------------------------------------------
     0 | D:1      | demibob the Hill Orc Fighter began the quest for the Orb.
     0 | D:1      | Reached XP level 1. HP: 19/19 MP: 1/1
    31 | D:1      | Reached skill level 3 in Axes
   102 | D:1      | Reached XP level 2. HP: 26/26 MP: 2/2
   336 | D:1      | Reached skill level 4 in Axes
   853 | D:1      | Identified a scroll of acquirement
   853 | D:1      | Acquired a +0 broad axe of freezing
  1047 | D:2      | Reached XP level 3. HP: 29/31 MP: 3/3
  1162 | D:2      | Found a snail-covered altar of Cheibriados.
  1391 | D:2      | Found a faded altar of an unknown god.
  1544 | D:2      | Noticed a black bear
  1548 | D:2      | Killed a black bear
  1549 | D:2      | Reached skill level 6 in Axes
  1549 | D:2      | Reached XP level 4. HP: 39/39 MP: 4/4
  1549 | D:2      | Reached XP level 5. HP: 45/45 MP: 5/5
  1631 | D:2      | Identified the +2 leather armour "Sameips" {rF- rN+ Will+}
  2025 | D:3      | Reached skill level 7 in Axes
  2058 | D:3      | Found a sparkling altar of Nemelex Xobeh.
  2537 | D:3      | Found an opulent altar of Gozag.
  2577 | D:3      | Found a glowing silver altar of Zin.
  2755 | D:4      | Noticed a lemure
  2755 | D:4      | Noticed a lemure
  2755 | D:4      | Noticed a lemure
  2756 | D:4      | Noticed Pikel
  2757 | D:4      | Noticed a lemure
  2765 | D:4      | Killed a lemure
  2766 | D:4      | HP: 1/45 [Pikel/+0 whip of flaming (7)]
  2766 | D:4      | Slain by Pikel

Vanquished Creatures
  A black bear (D:2)
  A lemure (D:4)
  3 gnolls (D:3)
  4 adders (D:3)
  A worm (D:3)
  2 dart slugs
  6 bats
  3 endoplasms
  3 giant cockroaches
  5 goblins
  4 hobgoblins
  5 quokkas
  3 ball pythons
  4 frilled lizards
  3 kobolds
  5 rats
53 creatures vanquished.

Table legend: (Time is in decaauts)
 A = Elapsed time spent in this place.
 B = Non-inter-level travel time spent in this place.
 C = Inter-level travel time spent in this place.
 D = Time resting spent in this place.
 E = Time spent auto-exploring this place.
 F = Levels seen in this place.
 G = Mean time per level.
                   A        B        C        D        E       F      G
               +--------+--------+--------+--------+--------+-----+--------+
         Total |   2800 |   2649 |    151 |      0 |   2245 |   4 |  700.0 |
       Dungeon |   2800 |   2649 |    151 |      0 |   2245 |   4 |  700.0 |
               +--------+--------+--------+--------+--------+-----+--------+

Top non-repeatable levels by time:
     D:2: 1077 daAuts
     D:1: 903 daAuts
     D:3: 798 daAuts
     D:4: 20 daAuts

Table legend:
 A = Non-vault XP
 B = Vault XP
 C = Vault XP percentage of total XP
 D = Non-vault monster count
 E = Vault monster count
 F = Vault count percentage of total count
                 A         B        C        D         E       F
            +---------+---------+-------+---------+---------+-------
      Total |     301 |       0 |   0.0 |      52 |       0 |   0.0
            +---------+---------+-------+---------+---------+-------
        D:1 |      24 |       0 |   0.0 |      13 |       0 |   0.0
        D:2 |     159 |       0 |   0.0 |      19 |       0 |   0.0
        D:3 |     116 |       0 |   0.0 |      19 |       0 |   0.0
        D:4 |       2 |       0 |   0.0 |       1 |       0 |   0.0
            +---------+---------+-------+---------+---------+-------
